Map: Oceanborn LE

Players

Oliveira

  • Race: Terran Terran
  • League: Grandmaster
  • Spawn Location: 11:00

LiquidCure (Cure) - Winner!

  • Race: Terran Terran
  • League: Master
  • Spawn Location: 5:00

VOD

Have the link to the VOD?

Description

Time

  • Played on: Dec. 11, 2023, 4:42 a.m.
  • Length: 12:13
Show
View Real Time Build Order
Export as new Build Order

Oliveira Terran 

Build Orders:  

Get SALT Encoding   

  12  0:00  SCV  
  13  0:12  SCV  
  14  0:17  Supply Depot  
  14  0:24  SCV  
  15  0:39  SCV  
  15  0:40  Barracks  
  16  0:44  Refinery  
  16  0:51  SCV  
  16  0:54  Refinery  
  17  1:03  SCV  
  18  1:15  SCV  
  19  1:28  Orbital Command, Reaper  
  19  1:32  Supply Depot  
  20  1:44  Factory  
  20  1:53  SCV  
  21  2:00  Reaper  
  22  2:06  SCV  
  23  2:18  Command Center  
  23  2:23  SCV  
  23  2:29  Hellion  
  26  2:35  Barracks Reactor  
  25  2:38  SCV  
  26  2:47  Supply Depot  
  26  2:50  SCV  
  27  2:54  Starport  
  27  3:02  SCV  
  28  3:15  Cyclone x2  
  28  3:16  SCV  
  33  3:28  SCV  
  33  3:30  Orbital Command, Starport Tech Lab  
  34  3:40  SCV  
  35  3:42  Refinery  
  35  3:47  Cyclone x2  
  39  3:52  Raven  
  39  3:54  SCV  
  43  3:55  SCV  
  43  4:06  Supply Depot, SCV  
  43  4:08  SCV  
  45  4:11  Interference Matrix  
  45  4:18  SCV  
  45  4:20  SCV, Cyclone x2  
  48  4:30  SCV  
  46  4:32  SCV  
  47  4:39  Raven  
  47  4:42  Command Center  
  47  4:43  SCV  
  47  4:44  SCV  
  51  4:55  SCV  
  51  4:56  SCV  
  51  4:58  Marine x2, Factory Tech Lab  
  55  5:03  Supply Depot  
  56  5:07  SCV  
  56  5:08  SCV  
  56  5:13  Raven  
  59  5:17  Siege Tank  
  62  5:22  Supply Depot  
  62  5:25  SCV x2, Marine x2  
  66  5:31  Barracks x2  
  66  5:37  SCV  
  65  5:47  SCV  
  61  5:50  Siege Tank  
  61  5:55  Orbital Command  
  62  5:57  SCV  
  62  5:59  SCV  
  62  6:02  Starport Reactor  
  64  6:05  Engineering Bay  
  64  6:07  Engineering Bay  
  64  6:08  Marine  
  64  6:09  SCV, Stimpack  
  64  6:11  SCV  
  67  6:21  SCV  
  67  6:23  SCV  
  67  6:24  SCV, Barracks  
  70  6:25  Barracks  
  69  6:33  SCV  
  69  6:34  Refinery  
  69  6:38  Terran Infantry Weapons Level 1, Terran Infantry Armor Level 1, SCV  
  60  6:43  Marine x2  
  60  6:45  SCV  
  60  6:47  Marine  
  60  6:48  SCV  
  60  6:50  SCV  
  60  6:51  Starport Reactor  
  60  6:52  Siege Tank, Marine x2  
  67  6:57  SCV  
  67  7:00  SCV  
  67  7:01  Marine  
  69  7:02  SCV  
  69  7:03  Marine  
  69  7:06  Marine  
  73  7:09  SCV  
  73  7:12  SCV  
  73  7:13  Barracks Reactor x2  
  73  7:14  SCV  
  76  7:16  Marine  
  76  7:17  Supply Depot  
  76  7:19  Marine x2  
  76  7:21  SCV  
  80  7:24  SCV  
  80  7:25  Marine  
  80  7:27  SCV  
  80  7:29  Medivac x2  
  87  7:33  Refinery  
  87  7:34  SCV  
  87  7:35  Supply Depot, Marine x2  
  87  7:36  SCV  
  91  7:38  Siege Tank  
  91  7:39  SCV  
  91  7:41  Marine x2  
  91  7:42  Supply Depot  
  97  7:46  SCV  
  97  7:47  Marine  
  97  7:48  SCV  
  100  7:52  Armory  
  100  7:53  Marine  
  100  7:54  Combat Shield  
  100  7:55  Missile Turret  
  100  7:57  SCV, Marine  
  100  7:58  SCV  
  104  7:59  Marine x2  
  104  8:00  Marine x2  
  104  8:04  Marine  
  108  8:05  SCV  
  108  8:06  Supply Depot, Marine  
  108  8:07  Marine  
  108  8:08  Medivac  
  108  8:10  Medivac  
  108  8:12  SCV x2  
  117  8:18  Supply Depot  
  117  8:20  Supply Depot, Marine  
  117  8:21  Siege Tank, Marine  
  117  8:23  Marine x2  
  117  8:24  Marine  
  125  8:27  Marine x2  
  125  8:28  Marine x2  
  129  8:36  Command Center  
  129  8:39  Marine x2  
  129  8:41  Marine  
  132  8:46  Terran Infantry Armor Level 2  
  132  8:47  Marine  
  133  8:50  Marine, Refinery  
  133  8:51  Supply Depot, Marine  
  133  8:54  Marine, Terran Vehicle Weapons Level 1  
  136  8:58  Marine x2  
  136  8:59  Supply Depot  
  136  9:00  SCV  
  136  9:02  Marine  
  140  9:04  Siege Tank  
  140  9:05  SCV x2  
  145  9:10  Marine x2  
  145  9:12  SCV  
  145  9:14  Marine  
  145  9:15  Marine x2  
  145  9:16  Sensor Tower  
  151  9:21  Supply Depot, SCV x2, Marine  
  151  9:22  Marine  
  155  9:24  Missile Turret  
  155  9:31  Marine  
  150  9:33  Marine  
  150  9:35  SCV  
  137  9:39  SCV, Marine  
  137  9:40  Marine  
  137  9:41  Marine x2  
  137  9:43  Marine x2  
  137  9:45  Siege Tank  
  137  9:46  Viking x2  
  137  9:49  Marine  
  137  9:50  SCV x2, Marine  
  137  9:51  SCV  
  147  9:55  Factory  
  147  10:00  Marine x2  
  147  10:05  Barracks Reactor  
  135  10:11  Marine x3  
  135  10:12  Marine  
  135  10:14  Marine x2  
  129  10:17  Siege Tank, Marine  
  133  10:24  Marine  
  134  10:30  Marine x2  
  134  10:33  SCV x2, Engineering Bay  
  134  10:34  Marine x3  
  140  10:40  Siege Tank  
  140  10:41  Marine x3  
  146  10:44  SCV  
  146  10:45  SCV, Viking  
  146  10:46  Viking  
  146  10:47  SCV, Sensor Tower  
  156  10:50  Siege Tank, Marine x3  
  156  10:56  Supply Depot  
  157  10:58  Marine  
  154  11:05  Marine x2  
  137  11:12  Siege Tank, Marine x2  
  137  11:13  SCV x3  
  137  11:14  Marine  
  137  11:16  Marine  
  135  11:18  Medivac  
  135  11:22  Siege Tank  
  135  11:25  Marine x3  
  138  11:27  SCV  
  138  11:28  SCV  
  138  11:31  Marine x3  
  138  11:34  Medivac  
  138  11:38  Marine  
  141  11:41  Marine x2  
  141  11:42  Marine  
  141  11:43  Marine  
  141  11:46  Marine  
  149  11:59  Supply Depot  
Show
View Real Time Build Order
Export as new Build Order

LiquidCure Terran - Winner!

Build Orders: Cyclone Opening 

Get SALT Encoding   

  12  0:00  SCV  
  13  0:12  SCV  
  14  0:17  Supply Depot  
  14  0:24  SCV  
  15  0:38  SCV  
  15  0:40  Barracks  
  15  0:42  Refinery  
  16  0:51  SCV  
  16  0:52  Refinery  
  17  1:03  SCV  
  18  1:15  SCV  
  19  1:27  Orbital Command, Reaper  
  19  1:31  Supply Depot  
  20  1:41  Factory  
  20  1:52  SCV  
  21  1:59  Reaper  
  22  2:05  SCV  
  23  2:17  SCV  
  23  2:20  Command Center  
  24  2:27  Hellion  
  24  2:29  SCV  
  26  2:31  Barracks Reactor  
  26  2:41  SCV  
  26  2:42  Starport  
  27  2:50  Supply Depot  
  27  2:53  Cyclone  
  27  2:55  SCV  
  30  3:07  SCV  
  30  3:11  Marine x2  
  33  3:18  Medivac  
  35  3:21  SCV  
  35  3:25  Refinery  
  36  3:32  Cyclone x2  
  40  3:38  Orbital Command  
  40  3:39  SCV  
  41  3:52  SCV  
  41  3:54  Liberator  
  45  3:56  Barracks Tech Lab  
  45  4:01  Supply Depot  
  45  4:04  SCV x2  
  47  4:10  Cyclone  
  47  4:13  Cyclone  
  51  4:20  SCV x2  
  48  4:32  SCV  
  48  4:33  SCV  
  48  4:36  Supply Depot  
  50  4:43  Raven  
  50  4:44  Interference Matrix, SCV  
  50  4:45  SCV  
  54  4:46  Cyclone x2  
  54  4:48  Marine  
  59  4:56  Supply Depot  
  59  4:57  SCV x2  
  61  5:11  SCV x2, Command Center  
  61  5:12  Supply Depot  
  63  5:19  Cyclone  
  65  5:21  Cyclone  
  65  5:24  Raven  
  65  5:25  SCV  
  65  5:26  SCV  
  71  5:36  Supply Depot  
  71  5:38  SCV x2  
  71  5:48  Barracks Tech Lab  
  65  5:50  SCV x2  
  65  5:51  Cyclone  
  65  5:52  Barracks  
  65  5:53  Cyclone  
  65  5:56  Barracks  
  71  6:00  Refinery  
  71  6:02  SCV x2  
  73  6:06  Marine, Stimpack  
  73  6:11  Engineering Bay  
  74  6:12  Starport Reactor  
  74  6:13  Engineering Bay  
  74  6:15  SCV x2  
  76  6:23  Orbital Command  
  76  6:24  Marine  
  77  6:33  SCV x2  
  68  6:41  Marine  
  68  6:43  Barracks Reactor  
  68  6:45  SCV x2, Barracks  
  69  6:47  Barracks  
  66  6:54  Siege Tank, Marine x2  
  66  6:56  Terran Infantry Weapons Level 1, Terran Infantry Armor Level 1  
  66  6:57  SCV x2  
  66  6:58  SCV  
  66  6:59  Marine  
  75  7:01  Medivac x2  
  79  7:09  SCV  
  79  7:10  SCV x2  
  79  7:12  Marine x2  
  79  7:13  Refinery  
  79  7:14  Refinery  
  84  7:17  Marine  
  84  7:18  Sensor Tower  
  84  7:20  Marine x2  
  84  7:21  SCV  
  84  7:22  SCV x2  
  90  7:26  Siege Tank, Missile Turret  
  90  7:27  Supply Depot, Missile Turret  
  93  7:30  Marine x2  
  93  7:33  Barracks Reactor  
  93  7:35  SCV, Marine, Barracks Reactor  
  93  7:36  SCV x2  
  99  7:37  Armory  
  99  7:40  Marine x2  
  99  7:41  Supply Depot  
  101  7:46  Combat Shield  
  101  7:48  SCV x3, Marine x2  
  101  7:50  Medivac  
  108  7:53  Marine  
  108  7:55  Medivac  
  108  7:56  Supply Depot  
  108  7:57  Supply Depot  
  111  8:00  Siege Tank  
  114  8:08  Marine x2, Command Center  
  114  8:09  Marine x2  
  114  8:11  Marine  
  119  8:14  Marine  
  119  8:15  Marine  
  119  8:18  Marine x2  
  123  8:22  SCV x2  
  123  8:23  SCV  
  123  8:26  Factory  
  126  8:32  Supply Depot x2, Terran Vehicle Weapons Level 1  
  126  8:33  Siege Tank  
  131  8:38  Marine x7  
  131  8:39  Marine x2  
  138  8:41  SCV  
  138  8:42  SCV x2  
  141  8:52  Terran Infantry Armor Level 2, Terran Infantry Weapons Level 2  
  141  8:53  Supply Depot  
  141  8:54  Supply Depot  
  141  8:56  Marine, Medivac x2  
  141  9:00  Marine x2  
  141  9:01  Marine x3  
  151  9:03  Marine x2  
  154  9:12  Siege Tank  
  154  9:14  Marine  
  156  9:18  Marine x4  
  156  9:21  SCV x3  
  156  9:23  Barracks Reactor  
  153  9:40  Marine x4  
  153  9:41  Marine x4  
  153  9:42  Siege Tank, Medivac x2  
  153  9:44  Siege Tank  
  161  9:48  SCV x3  
  164  9:56  Planetary Fortress  
  164  9:58  Marine x6  
  164  9:59  Marine x2  
  172  10:01  Marine x2  
  172  10:03  Barracks x3  
  156  10:16  Marine x7  
  147  10:28  Marine x3  
  147  10:34  Marine x7  
  153  10:37  Siege Tank x2  
  153  10:38  Medivac x2  
  163  10:45  Command Center  
  163  10:46  Marine x3  
  166  10:52  Marine x5  
  166  10:53  Barracks Reactor  
  166  10:54  Barracks Reactor  
  166  10:55  Barracks Reactor  
  171  11:01  Marine x2  
  170  11:04  Marine x2  
  170  11:07  Marine  
  170  11:08  Medivac x2  
  170  11:09  Marine x4  
  170  11:10  Siege Tank x2, Marine  
  170  11:11  SCV x2  
  188  11:12  SCV  
  172  11:19  Marine x2  
  172  11:22  Marine x2  
  172  11:25  Marine  
  165  11:27  Marine x3  
  165  11:28  Marine x2  
  171  11:36  Marine x2  
  171  11:39  Marine x2  
  173  11:43  Marine  
  173  11:45  Marine  
  177  11:47  Marine x6  
Tags
 
Add a new tag
Caveats
  • Supply blocks, unpowered buildings, or Contaminate may cause inaccurate times.
  • Supply counts are checked every 10 seconds.